 Dungeon Crawl Stone Soup version 0.26.1-11-gd32895ea62 (webtiles) character file.

Game seed: 10283256400093560872

345 Zeld the Sneak (level 6, 0/39 HPs)
             Began as an Octopode Brigand on May 12, 2021.
             Slain by an orc
             ... wielding a +0 short sword
              (2 damage)
             ... on level 5 of the Dungeon.
             The game lasted 00:03:12 (3141 turns).

Zeld the Sneak (Octopode Brigand)                   Turns: 3141, Time: 00:03:13

Health: 0/39       AC:  1    Str: 13    XL:     6   Next: 58%
Magic:  12/12      EV: 13    Int: 13    God:
Gold:   90         SH:  0    Dex: 13    Spells: 13/13 levels left

rFire    . . .     SeeInvis .   a - +2 dagger
rCold    . . .     Faith    .   (no shield)
rNeg     . . .     Spirit   .   (helmet restricted)
rPois    .         Reflect  .   (no amulet)
rElec    .         Harm     .   (no ring)
rCorr    .         Rampage  .   (no ring)
Will     .....                  (no ring)
Stlth    ++++......             (no ring)
HPRegen  0.13/turn              (no ring)
MPRegen  0.13/turn              (no ring)
                                (no ring)
                                (no ring)

@: no status effects
A: almost no armour, stealthy swim, amphibious, 8 rings, constrict 8, camouflage
1, gelatinous body 1
a: no special abilities


You were on level 5 of the Dungeon.
You visited 1 branch of the dungeon, and saw 5 of its levels.

You collected 90 gold pieces.

Inventory:

Hand Weapons
 a - a +2 dagger (weapon)
Missiles
 b - 13 poisoned darts (quivered)
 c - 2 curare-tipped darts
Jewellery
 f - a cursed ring of teleportation {unknown}
 h - an uncursed amulet of guardian spirit
 o - an uncursed ring of magical power {unknown}
 q - a cursed -4 ring of protection {unknown}
Wands
 g - a wand of paralysis (8)
 j - a wand of iceblast (3)
 l - a wand of polymorph (4)
Scrolls
 d - 2 scrolls of noise {unknown}
 k - a scroll of identify {unknown}
 m - 3 scrolls of random uselessness {unknown}
 p - a scroll of remove curse {unknown}
Potions
 e - 2 potions of brilliance {unknown}
 i - a potion of lignification {unknown}
 n - a potion of curing {unknown}


   Skills:
 - Level 2.0 Fighting
 - Level 2.0 Short Blades
 * Level 4.9 Throwing
 - Level 1.0 Dodging
 - Level 5.3 Stealth
 * Level 4.0 Spellcasting


You had 13 spell levels left.
You didn't know any spells.
Your spell library contained the following spells:

 Spells                   Type           Power        Failure   Level
 Freeze                   Ice            8%           21%         1
 Frozen Ramparts          Ice            4%           52%         3
 Ozocubu's Armour         Ice            2%           52%         3
 Hailstorm                Conj/Ice       2%           90%         4
 Summon Ice Beast         Ice/Summ       2%           90%         4


Dungeon Overview and Level Annotations

Branches:
Dungeon (5/15)
 Temple: D:4-7

Altars:
Ashenzari
Elyvilon
Fedhas
Gozag
Zin


Innate Abilities, Weirdness & Mutations

You cannot wear most types of armour.
You are very stealthy in the water. (Stealth+)
You are amphibious.
You can wear up to eight rings at the same time.
You can use your tentacles to constrict eight enemies at once.
Your skin changes colour to match your surroundings (Stealth+).
Your rubbery body absorbs attacks. (AC +1, EV +1)


Message History

* * * LOW HITPOINT WARNING * * *
You release your grip on the orc.
Things that are here:
a +0 dagger; a +0 dagger; a +0 ring mail The quokka zombie closely misses you.
Found a stone staircase leading down.
A phantom comes into view.
The phantom moves out of view.
Found 25 arrows.
You hit the quokka zombie. Your grab misses the quokka zombie.
The quokka zombie is almost destroyed.
You barely miss the quokka zombie. Your grab misses the quokka zombie.
The quokka zombie is almost destroyed.
The quokka zombie misses you.
You hit the quokka zombie.
You destroy the quokka zombie!
You hit the orc. You grab the orc.
The orc is lightly wounded.
You constrict the orc. The orc hits you with a +0 short sword.
You die...

.#
##########.####
+.............#
#........>....#
#.............#
#.............#
#.........W..(#
#....##@#
####....##o####
#...........).#
#...<.......†<#
#.............#
#......##....#
#......##....+
#.......##...##
##......##...#


You could see a phantom and an orc.

Vanquished Creatures
  An ogre (D:4)
  A howler monkey (D:4)
  An orc priest (D:4)
  2 hounds (D:4)
  A worker ant (D:4)
  A worker ant zombie (D:3)
  5 adders
  2 leopard geckos (D:4)
  9 orcs
  3 bats (D:3)
  4 goblins (D:3)
  2 hobgoblins
  3 jackals
  5 kobolds (D:3)
  A quokka (D:4)
  A ball python (D:3)
  A frilled lizard (D:3)
  A jackal skeleton (D:4)
  A quokka zombie (D:5)
  3 rats (D:3)
48 creatures vanquished.

Notes
Turn   | Place    | Note
-------+----------+-------------------------------------------
     0 | D:1      | Zeld the Octopode Brigand began the quest for the Orb.
     0 | D:1      | Reached XP level 1. HP: 14/14 MP: 1/1
   163 | D:3      | Found a white marble altar of Elyvilon.
   169 | D:3      | Reached skill level 1 in Spellcasting
   169 | D:3      | Reached XP level 2. HP: 10/19 MP: 1/3
   571 | D:3      | Reached XP level 3. HP: 8/24 MP: 3/5
  1060 | D:4      | Noticed an ogre
  1061 | D:4      | Found a broken altar of Ashenzari.
  1117 | D:4      | HP: 1/24 [ogre/+0 giant spiked club (20)]
  1138 | D:4      | Killed an ogre
  1139 | D:4      | Reached XP level 4. HP: 3/29 MP: 5/8
  1139 | D:4      | Reached XP level 5. HP: 4/34 MP: 5/9
  1598 | D:4      | Reached XP level 6. HP: 18/39 MP: 11/11
  2021 | D:4      | Found an opulent altar of Gozag.
  2021 | D:4      | Found a glowing silver altar of Zin.
  2199 | D:4      | Found a blossoming altar of Fedhas.
  2271 | D:4      | Noticed a phantom
  3081 | D:5      | Entered Level 5 of the Dungeon
  3133 | D:5      | HP: 1/39 [orc/+0 short sword (9)]
  3137 | D:5      | Noticed a phantom
  3141 | D:5      | Slain by an orc

Illustrated notes

Levels and vault maps discovered:
D:1:      lemuel_arrival_river_ford, layout_basic
D:2:      layout_basic, tgw_trog, kennysheep_slug_shrine,
          chequers_serial_rivers_micro_e, hangedman_decor_peaks_small,
          uniq_terence
D:3:      layout_loops_ring, nicolae_overflow_crystal_walls,
          nzn_hepliaklqana_mist_gate, gammafunk_ghost_cemetery,
          minmay_randomly_rotated_circles, uniq_crazy_yiuf_cottage
D:4:      layout_basic, grunt_temple_overflow_gold_and_silver,
          overflow_temple_1_default, cheibrodos_ashenzari_chains
D:5:      layout_gridville, basic_altar, guppyfry_shop_venom

Skill      XL: |  1  2  3  4  5  6 |
---------------+-------------------+-----
Spellcasting   | 1 2 3 4 |  4.0
Throwing       | 3 4 |  4.9
Fighting       | |  2.0
Short Blades   | |  2.0
Dodging        | |  1.0
Stealth        | |  5.3

Action                   |  1- 3 |  4- 6 || total
-------------------------+-------+-------++-------
Melee: Dagger            |    47 |    67 ||   114
       Constrict         |    13 |    19 ||    32
       Tentacles         |    10 |    12 ||    22
Throw: Dart              |    10 |       ||    10
 Stab: Sleeping          |     5 |     3 ||     8
Armor: Skin              |     2 |     3 ||     5
Dodge: Dodged            |    30 |    43 ||    73
